 Dungeon Crawl Stone Soup version bcrawl-1.14 (webtiles) character file.

Game seed: 1060983758655072873

73 Revguard the Ducker (level 4, 0/33 HPs)
             Began as a Demonspawn Archaeologist on Sept 6, 2019.
             Slain by a killer bee zombie (2 damage)
             ... on level 3 of the Dungeon.
             The game lasted 00:05:16 (2000 turns).

Revguard the Ducker (Demonspawn Archaeologist)      Turns: 2000, Time: 00:05:17

Health: 0/33       AC:  8    Str: 12    XL:     4   Next: 8%
Magic:  4/4        EV: 11    Int: 15    God:
Gold:   115        SH:  0    Dex: 12    Spells: 3/3 levels left

rFire    . . .     SeeInvis .   h - +1 whip (freeze)
rCold    . . .     Gourm    .   (no shield)
rNeg     . . .     Faith    +   o - +0 ring mail
rPois    .         Spirit   .   c - +1 hat
rElec    .         Reflect  .   (no cloak)
rCorr    .         Harm     .   (no gloves)
MR       .....                  d - +1 pair of boots
Stlth    +.........             s - amulet of faith
HPRegen  0.11/turn              (no ring)
MPRegen  0.09/turn              (no ring)

@: lethally poisoned (0 -> -7), studying Maces & Flails
A: hooves 2
a: no special abilities


You were on level 3 of the Dungeon.
You were not hungry.

You visited 1 branch of the dungeon, and saw 3 of its levels.

You collected 115 gold pieces.

Inventory:

Hand Weapons
 a - a +0 whip
 h - a +1 whip of freezing (weapon)
Missiles
 p - 133 javelins (quivered)
Armour
 b - a +1 robe
 c - a +1 hat (worn)
 d - a +1 pair of boots (worn)
 o - a +0 ring mail (worn)
Jewellery
 s - an amulet of faith (around neck)
Scrolls
 i - a scroll of remove curse
 j - a scroll of enchant weapon
 k - a scroll of identify
 n - 4 scrolls of teleportation
 r - 2 scrolls of enchant armour {unknown}
 u - a scroll of immolation {unknown}
 v - a scroll of fear {unknown}
Potions
 l - a potion of haste
 t - a potion of magic
Books
 e - a manual of Maces & Flails
Miscellaneous
 f - an ancient crate
Comestibles
 g - 5 rations {!d}


   Skills:
 * Level 1.8 Fighting
 * Level 2.5 Maces & Flails
 + Level 0.5 Armour
 + Level 3.5 Dodging
 - Level 3.0 Stealth
 * Level 0.1 Evocations


You had 3 spell levels left.
You didn't know any spells.
Your spell library was empty.

Dungeon Overview and Level Annotations

Branches:
Dungeon (3/12)

Altars:
Fedhas
Trog
Vehumet
Yredelemnul


Innate Abilities, Weirdness & Mutations

You have hoof-like feet.


Message History

You hit the kobold but do no damage.
* * * LOW HITPOINT WARNING * * *
You feel sick.
The killer bee zombie closely misses you.
The kobold unwields a +0 blowgun.
The kobold hits you.
* * * LOW HITPOINT WARNING * * *
The orc hits you but does no damage.
The killer bee zombie closely misses you.
The orc hits you but does no damage. x2
Okay, then.
As you read the scroll labeled SOFFUKLUDOETH, it crumbles to dust.
It is a scroll of amnesia.
You feel forgetful for a moment.
* * * LOW HITPOINT WARNING * * *
You feel sick.
The killer bee zombie hits you but does no damage.
The kobold closely misses you. The orc barely misses you.
The orc closely misses you. The orc barely misses you.
The killer bee zombie hits you.
You die...

##.... #.. ......#######
####.
##......_.%.########....
.................†......
#...>.....?......)##...>
##.....................
##........♣.............
......ZoK♣_♣............
......o@..♣.............
#.....o...........##..##
..................###..#
..................# .>.
..................# ...
#...............### #.
##...#...##........#
######..##.......... ##
##.........


You could see 3 orcs, a killer bee zombie and a kobold.

Vanquished Creatures
  An adder (D:2)
  A worm (D:2)
  A dart slug (D:2)
  A leopard gecko (D:1)
  An orc (D:3)
  3 bats
  4 giant cockroaches
  4 goblins
  12 hobgoblins
  3 jackals (D:1)
  6 kobolds
  5 quokkas
  A frilled lizard (D:1)
  4 rats
47 creatures vanquished.

Notes
Turn   | Place    | Note
-------+----------+-------------------------------------------
     0 | D:1      | Revguard the Demonspawn Archaeologist began the quest for
                  | the Orb.
     0 | D:1      | Reached XP level 1. HP: 15/15 MP: 1/1
    68 | D:1      | Gained mutation: You have large cloven feet. [demonic
                  | ancestry]
    68 | D:1      | Reached XP level 2. HP: 16/21 MP: 2/2
   117 | D:1      | Reached skill level 1 in Maces & Flails
   910 | D:2      | Reached XP level 3. HP: 26/26 MP: 3/3
  1024 | D:2      | Found a radiant altar of Vehumet.
  1027 | D:2      | Found a blossoming altar of Fedhas.
  1446 | D:2      | Found a basalt altar of Yredelemnul.
  1947 | D:3      | Gained mutation: You have hoof-like feet. [demonic
                  | ancestry]
  1947 | D:3      | Reached XP level 4. HP: 32/33 MP: 4/4
  1976 | D:3      | Found a faded altar of an unknown god.
  1987 | D:3      | Found a bloodstained altar of Trog.
  2000 | D:3      | Slain by a killer bee zombie

Skill      XL: |  1  2  3 |
---------------+----------+-----
Dodging        | 3 |  3.5
Maces & Flails | 1 2 |  2.5
Fighting       | |  1.8
Armour         | |  0.5
Stealth        | |  3.0
Evocations     | |  0.1

Action                   |  1- 3 |  4- 6 || total
-------------------------+-------+-------++-------
Melee: Whip              |   227 |    25 ||   252
Throw: Javelin           |    10 |       ||    10
  Use: Scroll            |     6 |     1 ||     7
       Potion            |     2 |       ||     2
 Stab: Sleeping          |     2 |       ||     2
  Eat: Chunk             |     4 |       ||     4
Armor: Robe              |    51 |       ||    51
       Ring mail         |    68 |    20 ||    88
Dodge: Dodged            |   201 |    24 ||   225
